 Dungeon Crawl Stone Soup version 0.30-a0-586-g23e55c9e0a (webtiles) character file.

Game seed: 9288300913240158227

4 snetch the Trooper (level 1, -2/20 HPs)
             Began as a Hill Orc Fighter on Jan 3, 2023.
             Slain by a goblin
             ... wielding a +3 dagger
              (4 damage)
             ... on level 2 of the Dungeon.
             The game lasted 00:00:11 (56 turns).

snetch the Trooper (Hill Orc Fighter)                 Turns: 56, Time: 00:00:12

Health: -2/20      AC:  6    Str: 18    XL:     1   Next: 60%
Magic:  1/1        EV:  9    Int:  8    God:
Gold:   0          SH:  4    Dex: 10    Spells: 0/0 levels left

rFire   . . .      SeeInvis .    a - +0 war axe
rCold   . . .      Faith    .    c - +0 buckler
rNeg    . . .      Spirit   .    b - +0 scale mail
rPois   .          Reflect  .    (no helmet)
rElec   .          Harm     .    (no cloak)
rCorr   .          Rampage  .    (no gloves)
Will    .....                    (no boots) Stlth
                                 (no amulet)
HPRegen 0.23/turn                (no ring)
MPRegen 0.07/turn                (no ring)

@: no status effects
A: no striking features
a: no special abilities


You were on level 2 of the Dungeon.
You visited 1 branch of the dungeon, and saw 2 of its levels.

Inventory:

Hand Weapons
 a - a +0 war axe (weapon)
Armour
 b - a +0 scale mail (worn)
 c - a +0 buckler (worn)
Potions
 d - a potion of might
 e - a potion of curing {unknown}


   Skills:
 + Level 3.7 Fighting
 + Level 2.8 Axes
 + Level 3.3 Armour
 + Level 3.3 Shields


You couldn't memorise any spells.
You didn't know any spells.
Your spell library was empty.

Dungeon Overview and Level Annotations

Branches:
Dungeon (1/15)

Altars:


Message History

Found a scroll labelled QAZIBOR BORPH.
Found a stone staircase leading up.
The goblin shouts! x2
The goblin unwields a +3 dagger.
The goblin wields a +0 sling.
The goblin shoots a sling bullet.
The sling bullet hits you.
A rat comes into view.
You closely miss the goblin.
The goblin shoots a sling bullet.
The sling bullet hits you but does no damage.
The goblin hits you but does no damage.
The goblin shoots a sling bullet.
The sling bullet hits you but does no damage.
You closely miss the goblin. The goblin barely misses you.
You barely miss the goblin. You hit the rat.
You kill the rat!
The goblin hits you with a +0 club.
The goblin shoots a sling bullet.
The sling bullet barely misses you. You block the goblin's attack.
You hit the goblin but do no damage. You closely miss the goblin.
The goblin hits you but does no damage. The goblin misses you.
You hit the goblin.
The goblin is moderately wounded.
You slash the goblin!
You kill the goblin!
The goblin closely misses you.
You closely miss the goblin.
The goblin is moderately wounded.
The goblin hits you with a +0 club. x2; The goblin shoots a sling bullet.
The sling bullet hits you.
Unknown command.
You are too injured to fight recklessly!
You are too injured to fight recklessly!
You closely miss the goblin.
The goblin is moderately wounded.
The goblin hits you with a +0 club.
* * * LOW HITPOINT WARNING * * *
The goblin shoots a sling bullet.
The sling bullet hits you.
* * * LOW HITPOINT WARNING * * *
The goblin barely misses you.
The goblin unwields a +0 sling.
The goblin wields a +3 dagger.
The goblin hits you but does no damage.
You see here a rat corpse.
You closely miss the goblin. x2; The goblin hits you but does no damage.
The goblin hits you with a +3 dagger.
You die...

..# ### #.#. ..#
....# ##.#########
... ..#.......#
... #.#.#####.# #
#.##.#.#####.#
....#..g......##.#
.......@)#.......#
..?...g..#..#.##.#
#........#.......#
#.....<.##..#.##.#
........##..#.##.#
#.......##.......#
#.......###......#
........# .#..####
#...#


You could see 2 goblins.

Vanquished Creatures
  An endoplasm (D:1)
  A goblin (D:2)
  A ball python (D:1)
  A rat (D:2)
4 creatures vanquished.

Notes
Turn   | Place    | Note
-------+----------+-------------------------------------------
     0 | D:1      | snetch the Hill Orc Fighter began the quest for the Orb.
     0 | D:1      | Reached XP level 1. HP: 19/19 MP: 1/1
    29 | D:1      | You fall into a shaft and drop 1 floor!
    54 | D:2      | HP: 1/20 [goblin/sling bullet (4)]
    56 | D:2      | Slain by a goblin

Illustrated notes

Levels and vault maps discovered:
D:1:      sevenhm_arrival_forest_fort_small_3, layout_rooms,
          dreamdust_ecumenical_altar_sealed_demon
D:2:      layout_loops_cross

Action                   || total
-------------------------++-------
Melee: War axe           ||    13
Armor: Scale mail        ||    14
Dodge: Dodged            ||     7
Block: Buckler           ||     3

Table legend: (Time is in decaauts)
 A = Elapsed time spent in this place.
 B = Non-inter-level travel time spent in this place.
 C = Inter-level travel time spent in this place.
 D = Time resting spent in this place.
 E = Time spent auto-exploring this place.
 F = Levels seen in this place.
 G = Mean time per level.
                   A        B        C        D        E       F      G
               +--------+--------+--------+--------+--------+-----+--------+
         Total |     60 |     60 |      0 |      0 |     28 |   2 |   30.0 |
       Dungeon |     60 |     60 |      0 |      0 |     28 |   2 |   30.0 |
               +--------+--------+--------+--------+--------+-----+--------+

Top non-repeatable levels by time:
     D:1: 30 daAuts
     D:2: 29 daAuts
